Map: Nightshade LE

Players

Ratl - Winner!

  • Race: Protoss Protoss
  • League: Silver
  • Spawn Location: 11:00

Fabusnardo

  • Race: Protoss Protoss
  • League: Gold
  • Spawn Location: 5:00

VOD

Have the link to the VOD?

Description

Time

  • Played on: Feb. 11, 2020, 8:13 p.m.
  • Length: 14:52
Show
View Real Time Build Order
Export as new Build Order

Ratl Protoss - Winner!

Build Orders:  

Get SALT Encoding   

  12  0:01  Probe  
  13  0:13  Probe  
  14  0:19  Pylon  
  14  0:25  Probe  
  15  0:37  Probe  
  15  0:40  Gateway  
  16  0:49  Probe, Assimilator  
  17  1:01  Probe  
  18  1:13  Probe (Chrono Boost)  
  19  1:24  Probe (Chrono Boost)  
  20  1:28  Gateway  
  20  1:29  Probe (Chrono Boost)  
  20  1:32  Cybernetics Core  
  21  1:40  Probe  
  21  1:41  Assimilator  
  21  1:47  Pylon  
  22  1:52  Probe  
  23  2:03  Probe  
  23  2:07  Warp Gate (Chrono Boost)  
  24  2:09  Stalker  
  24  2:11  Probe  
  27  2:16  Stalker  
  27  2:19  Probe  
  30  2:34  Probe  
  31  2:47  Nexus  
  31  2:57  Pylon  
  31  3:03  Pylon  
  31  3:15  Probe (Chrono Boost)  
  33  3:27  Probe (Chrono Boost), Stalker x2  
  37  3:35  Probe (Chrono Boost)  
  38  3:41  Probe, Robotics Facility  
  38  3:45  Gateway  
  40  3:57  Probe (Chrono Boost)  
  40  3:58  Probe (Chrono Boost)  
  41  4:06  Stalker  
  41  4:07  Stalker  
  41  4:08  Probe (Chrono Boost)  
  41  4:09  Probe (Chrono Boost)  
  47  4:13  Probe (Chrono Boost)  
  48  4:18  Probe  
  48  4:19  Pylon  
  49  4:25  Probe  
  49  4:30  Probe  
  51  4:37  Probe  
  52  4:38  Nexus  
  52  4:42  Probe, Pylon  
  53  4:49  Probe, Assimilator  
  54  4:54  Probe  
  55  5:01  Probe  
  55  5:02  Assimilator  
  55  5:05  Stalker  
  55  5:06  Probe, Stalker  
  61  5:13  Probe (Chrono Boost)  
  63  5:14  Observer  
  63  5:23  Probe (Chrono Boost)  
  63  5:25  Probe (Chrono Boost)  
  65  5:28  Pylon  
  65  5:33  Probe x2 (Chrono Boost), Pylon  
  67  5:38  Probe (Chrono Boost)  
  67  5:39  Probe, Immortal  
  67  5:41  Stalker x2  
  77  5:44  Pylon  
  78  5:50  Probe (Chrono Boost)  
  78  5:54  Probe (Chrono Boost)  
  80  5:57  Probe (Chrono Boost)  
  80  6:00  Probe (Chrono Boost)  
  80  6:03  Probe (Chrono Boost)  
  83  6:04  Stalker x3  
  83  6:05  Probe x2 (Chrono Boost)  
  90  6:13  Probe  
  90  6:16  Probe x2  
  93  6:20  Nexus  
  93  6:25  Probe, Pylon  
  93  6:28  Probe x2  
  96  6:33  Assimilator  
  96  6:34  Assimilator  
  96  6:37  Probe  
  96  6:38  Immortal  
  101  6:40  Probe x2  
  103  6:50  Probe  
  103  6:52  Probe  
  103  6:53  Probe  
  106  6:58  Pylon  
  106  7:04  Pylon  
  106  7:05  Forge  
  106  7:06  Forge  
  106  7:10  Forge  
  106  7:19  Probe (Chrono Boost)  
  106  7:22  Probe (Chrono Boost)  
  109  7:23  Probe (Chrono Boost)  
  109  7:24  Immortal  
  109  7:25  Stalker  
  109  7:26  Stalker x2  
  120  7:30  Probe (Chrono Boost)  
  120  7:34  Probe x2 (Chrono Boost), Gateway  
  120  7:36  Gateway  
  122  7:37  Gateway  
  122  7:38  Probe x2 (Chrono Boost), Gateway  
  122  7:39  Gateway  
  126  7:48  Probe (Chrono Boost)  
  126  7:49  Probe x2 (Chrono Boost)  
  128  7:52  Probe (Chrono Boost)  
  128  7:56  Probe x2 (Chrono Boost), Nexus  
  128  7:57  Pylon  
  130  8:11  Assimilator  
  130  8:12  Assimilator  
  130  8:13  Photon Cannon  
  130  8:14  Photon Cannon  
  130  8:16  Photon Cannon x2  
  130  8:20  Photon Cannon  
  130  8:22  Photon Cannon, Protoss Ground Armor Level 1 (Chrono Boost)  
  130  8:23  Protoss Shields Level 1 (Chrono Boost), Protoss Ground Weapons Level 1 (Chrono Boost)  
  130  8:24  Photon Cannon  
  130  8:25  Photon Cannon  
  130  8:34  Immortal (Chrono Boost)  
  130  8:37  Robotics Facility  
  130  8:38  Robotics Facility  
  134  9:23  Immortal x3  
  146  9:34  Stalker x4  
  154  9:42  Twilight Council  
  154  9:53  Stalker x3  
  154  9:54  Stalker  
  154  9:58  Gateway  
  162  10:01  Gateway x3  
  162  10:04  Gateway  
  162  10:05  Gateway  
  162  10:11  Immortal x3  
  174  10:15  Protoss Shields Level 2 (Chrono Boost)  
  174  10:17  Protoss Ground Weapons Level 2 (Chrono Boost)  
  174  10:21  Protoss Ground Armor Level 2 (Chrono Boost)  
  174  10:25  Templar Archives  
  174  10:32  Pylon x2  
  174  10:34  Pylon  
  174  10:37  Pylon  
  174  10:48  Stalker x2  
  178  10:58  Immortal x3  
  190  11:07  Gateway x2  
  190  11:10  Gateway  
  190  11:12  Gateway  
  190  11:13  Gateway  
  190  11:15  Gateway  
  190  11:16  Gateway  
  190  11:19  Gateway  
  190  11:20  High Templar x5  
  190  11:22  Gateway  
  190  11:23  Gateway x2  
  190  11:24  Archon x2  
  200  11:33  Psionic Storm  
  200  11:36  Blink  
  200  11:53  Nexus  
  200  11:54  Pylon  
  184  12:45  Stalker  
  184  12:46  Stalker x5  
  184  12:47  Stalker x6  
  184  12:48  Stalker x2  
  184  12:50  High Templar x2  
  184  12:51  High Templar x3  
  197  12:56  Archon x2  
  177  13:12  Stalker x6  
  177  13:13  High Templar, Stalker x2  
  177  13:14  High Templar x7  
  177  13:18  Archon x3  
  177  13:19  Archon  
  185  13:37  High Templar x4  
  185  13:38  High Templar x3  
  169  13:41  Archon x2  
  169  13:42  Archon  
  169  13:44  Assimilator  
  169  13:46  Assimilator  
  157  13:58  Stalker x4  
  157  13:59  Stalker x5  
  157  14:00  Stalker  
  161  14:29  Stalker x3  
  161  14:30  Stalker x5  
  161  14:31  Zealot x4, Stalker  
  179  14:32  Zealot x3  
  179  14:33  Zealot x3  
Show
View Real Time Build Order
Export as new Build Order

Fabusnardo Protoss 

Build Orders: Carriers 

Get SALT Encoding   

  12  0:02  Probe  
  13  0:17  Pylon  
  13  0:19  Probe  
  14  0:38  Gateway  
  14  0:41  Probe (Chrono Boost)  
  15  0:50  Assimilator  
  15  0:51  Probe (Chrono Boost)  
  15  0:56  Probe (Chrono Boost)  
  17  1:08  Probe  
  18  1:20  Pylon  
  18  1:30  Probe  
  19  1:42  Probe (Chrono Boost), Cybernetics Core  
  21  1:54  Probe (Chrono Boost)  
  21  1:59  Probe (Chrono Boost)  
  22  2:09  Probe  
  23  2:18  Warp Gate (Chrono Boost)  
  23  2:20  Assimilator  
  23  2:23  Gateway  
  23  2:26  Stalker  
  25  2:49  Nexus  
  25  3:03  Stalker  
  27  3:12  Gateway  
  27  3:21  Twilight Council  
  27  3:32  Pylon  
  27  3:35  Pylon  
  27  3:36  Shield Battery  
  27  3:38  Shield Battery  
  27  3:50  Probe  
  27  3:54  Stalker x2  
  32  3:56  Charge (Chrono Boost)  
  32  4:02  Probe  
  33  4:05  Probe  
  34  4:23  Zealot x3  
  40  4:41  Robotics Facility  
  40  4:44  Pylon  
  40  4:49  Zealot x2  
  40  4:52  Zealot  
  46  4:57  Probe x2  
  48  5:08  Pylon  
  48  5:09  Probe  
  49  5:14  Probe  
  50  5:22  Sentry x3  
  50  5:23  Probe (Chrono Boost)  
  50  5:26  Probe (Chrono Boost)  
  58  5:34  Probe (Chrono Boost)  
  60  5:36  Probe (Chrono Boost)  
  60  5:39  Probe (Chrono Boost)  
  60  5:41  Probe (Chrono Boost)  
  61  5:47  Stargate  
  62  5:51  Observer  
  62  5:54  Probe  
  62  5:55  Probe  
  65  6:00  Assimilator  
  65  6:03  Pylon  
  65  6:08  Shield Battery  
  65  6:11  Shield Battery  
  65  6:19  Stalker x2  
  65  6:21  Stalker  
  71  6:30  Pylon  
  71  6:31  Probe (Chrono Boost)  
  71  6:32  Probe (Chrono Boost)  
  73  6:34  Pylon  
  73  6:38  Pylon  
  74  6:41  Probe x2 (Chrono Boost)  
  75  6:48  Void Ray  
  75  6:52  Observer  
  80  7:27  Assimilator  
  80  7:40  Nexus  
  80  7:41  Pylon, Nexus  
  80  7:43  Pylon  
  80  7:45  Assimilator  
  80  7:47  Stargate  
  80  7:48  Stargate  
  80  7:50  Assimilator  
  80  7:56  Zealot x3  
  80  7:57  Void Ray (Chrono Boost)  
  90  8:11  Probe x2  
  92  8:23  Probe x2  
  94  8:35  Probe x2  
  96  8:43  Fleet Beacon  
  96  8:47  Probe  
  97  8:52  Void Ray (Chrono Boost)  
  97  8:53  Void Ray x2 (Chrono Boost)  
  109  9:10  Probe x3  
  109  9:11  Probe  
  113  9:22  Probe  
  114  9:26  Carrier (Chrono Boost)  
  120  9:33  Carrier (Chrono Boost)  
  126  9:40  Carrier (Chrono Boost)  
  132  9:57  Protoss Air Weapons Level 1 (Chrono Boost)  
  132  9:59  Probe x4  
  136  10:10  Observer (Chrono Boost)  
  136  10:11  Probe x3  
  140  10:16  Pylon  
  140  10:18  Pylon  
  140  10:21  Pylon  
  140  10:24  Pylon  
  140  10:26  Pylon  
  140  10:29  Cybernetics Core  
  140  10:31  Carrier (Chrono Boost)  
  146  10:37  Probe x4  
  150  10:48  Carrier (Chrono Boost)  
  156  10:57  Carrier (Chrono Boost)  
  162  11:14  Assimilator  
  162  11:16  Assimilator  
  162  11:19  Probe x4, Pylon, Protoss Air Armor Level 1 (Chrono Boost)  
  162  11:22  Pylon  
  166  11:31  Probe x3  
  169  11:37  Carrier (Chrono Boost)  
  181  11:52  Carrier (Chrono Boost)  
  181  11:55  Carrier (Chrono Boost)  
  181  11:58  Pylon  
  181  11:59  Protoss Air Weapons Level 2 (Chrono Boost)  
  187  12:16  Zealot x3  
  184  12:49  Carrier (Chrono Boost)  
  166  12:59  Carrier x2 (Chrono Boost)  
  161  13:08  Stargate  
  161  13:10  Stargate  
  161  13:23  Nexus  
  143  13:53  Carrier (Chrono Boost)  
  126  14:03  Zealot x3  
  101  14:45  Zealot x3  
Tags
 
Composition
Carriers
Matchup
PvP
Spawn Locations
Cross Positions
Add a new tag
Caveats
  • Supply blocks, unpowered buildings, or Contaminate may cause inaccurate times.
  • Supply counts are checked every 10 seconds.